 Dungeon Crawl Stone Soup version 0.30-a0-870-gc5d4c5acee (webtiles) character file.

Game seed: 13215601607839283687

18761 Esekla the Covert (level 12, -15/81 HPs)
             Began as an Octopode Delver on Mar 10, 2023.
             Was an Initiate of Gozag.
             Demolished by Rupert
             ... wielding a +1 great mace of protection
              (28 damage)
             ... on level 3 of the Lair of Beasts on Mar 12, 2023.
             The game lasted 01:44:34 (17242 turns).

Esekla the Covert (Octopode Delver)                Turns: 17242, Time: 01:44:34

Health: -15/81     AC: 12    Str: 14    XL:     12   Next: 61%
Magic:  26/41      EV: 15    Int: 18    God:    Gozag
Gold:   103        SH:  4    Dex: 13    Spells: 11/26 levels left

rFire   + + .      SeeInvis +    s - +1 dagger (protect)
rCold   . . .      Faith    .    G - +0 buckler
rNeg    . . .      Spirit   .    (helmet restricted)
rPois   .          Reflect  .    Q - amulet of the acrobat
rElec   .          Rampage  .    h - ring of magical power
rCorr   +                        R - ring "Luirr" {rC+ rCorr Str+3 Slay+3}
Will    .....                    U - +4 ring of protection
Stlth   +++++                    x - ring of fire
HPRegen 0.33/turn                W - ring "Esamimpe" {Will- rCorr Slay+2 SInv}
MPRegen 0.27/turn                M - ring of magical power
                                 P - ring of protection from cold
                                 H - ring of fire

@: under a protective aura
A: almost no armour, amphibious, 8 rings, camouflage 1, gelatinous body 1,
(nimble swimmer 1), tentacles
a: Renounce Religion, Potion Petition, Call Merchant, Bribe Branch


You were on level 3 of the Lair of Beasts.
You worshipped Gozag.
Gozag was aware of your devotion.
You visited 3 branches of the dungeon, and saw 14 of its levels.
You also visited: Sewer.

You collected 2800 gold pieces.
You spent 2156 gold pieces at shops.
You paid 541 gold pieces to Gozag.

Inventory:

Hand Weapons
 a - a +4 scimitar of flaming
 r - a +1 trident of protection
 s - a +1 dagger of protection (weapon)
 v - a +2 dagger of venom
 w - a +0 dagger of holy wrath
 S - the +6 short sword "Taecirgh" {spect, Int+7}
   (You found it on level 1 of the Lair of Beasts)

   Int:       It affects your intelligence (+7).
 X - a +2 heavy scimitar
Missiles
 c - 40 poisoned darts
 I - 8 javelins
 J - a throwing net
 N - 11 boomerangs (quivered)
Armour
 G - a +0 buckler (worn)
Jewellery
 h - a ring of magical power (left tentacle)
 l - a ring of ice
 x - a ring of fire (on tentacle)
 F - a +6 ring of strength
 H - a ring of fire (on tentacle)
 M - a ring of magical power (on tentacle)
 P - a ring of protection from cold (on tentacle)
 Q - an amulet of the acrobat (around mantle)
 R - the ring "Luirr" (right tentacle) {rC+ rCorr Str+3 Slay+3}
   (You bought it in a shop on level 8 of the Dungeon)

   [ring of protection from cold]

   Str:       It affects your strength (+3).
   Slay:      It affects your accuracy & damage with ranged weapons and melee
   (+3).
   rC:        It protects you from cold.
   rCorr:     It protects you from acid and corrosion.
 U - a +4 ring of protection (on tentacle)
 W - the ring "Esamimpe" (on tentacle) {Will- rCorr Slay+2 SInv}
   (You bought it in a shop on level 8 of the Dungeon)

   [ring of see invisible]

   Slay:      It affects your accuracy & damage with ranged weapons and melee
   (+2).
   SInv:      It lets you see invisible.
   rCorr:     It protects you from acid and corrosion.
   Will:      It decreases your willpower.
Wands
 f - a wand of digging (12)
 p - a wand of flame (12)
 C - a wand of iceblast (11)
 V - a wand of mindburst (8)
 Z - a wand of polymorph (1)
Scrolls
 b - 6 scrolls of fog
 d - 2 scrolls of fear
 g - 8 scrolls of teleportation {unknown}
 i - a scroll of butterflies
 t - 5 scrolls of magic mapping
 u - 3 scrolls of poison
 y - 3 scrolls of amnesia
 B - 2 scrolls of enchant armour
 D - 3 scrolls of silence
 K - 2 scrolls of blinking
 O - 2 scrolls of enchant weapon
 T - 2 scrolls of identify
Potions
 e - a potion of haste
 k - 3 potions of mutation
 m - 2 potions of curing
 n - 4 potions of might
 o - a potion of ambrosia
 q - 6 potions of flight
 z - 9 potions of attraction
 A - 3 potions of lignification
 E - a potion of invisibility
 L - a potion of berserk rage
 Y - 2 potions of brilliance {unknown}


   Skills:
 * Level 7.4 Fighting
 + Level 3.8(6.0) Short Blades
 * Level 7.2(7.6) Long Blades
 + Level 0.1 Throwing
 * Level 6.4 Dodging
 + Level 10.6 Stealth
 + Level 3.2 Shields
 * Level 7.7 Spellcasting
 + Level 3.1 Conjurations
 + Level 3.4 Translocations
 + Level 3.2 Transmutations
 + Level 6.2 Fire Magic
 * Level 5.2 Air Magic
 * Level 5.7 Earth Magic
 + Level 4.6 Poison Magic


You had 11 spell levels left.
You knew the following spells:

 Your Spells              Type           Power      Damage    Failure   Level
b - Blink                 Tloc           38%        N/A       4%          2
c - Mephitic Cloud        Conj/Pois/Air  22%        N/A       7%          3
k - Airstrike             Air            12%        2d(2-18)  16%         4
o - Scorch                Fire           100%       2d10      1%          2
v - Poisonous Vapours     Pois/Air       48%        N/A       2%          2
w - Wereblood             Tmut           18%        N/A       5%          2

Your spell library contained the following spells:

 Spells                   Type           Power      Damage    Failure   Level
 Foxfire                  Conj/Fire      100%       2x1d9     1%          1
 Shock                    Conj/Air       84%        1d8       2%          1
 Beastly Appendage        Tmut           36%        N/A       3%          1
 Magic Dart               Conj           72%        1d6       3%          1
 Lesser Beckoning         Tloc           38%        N/A       4%          2
 Swiftness                Air            25%        N/A       4%          3
 Cigotuvi's Dreadful Rot  Necr/Pois/Air  36%        N/A       5%          2
 Momentum Strike          Conj/Tloc      36%        3d9       5%          2
 Spider Form              Tmut/Pois      21%        N/A       8%          3
 Inner Flame              Hex/Fire       40%        N/A       11%         3
 Summon Small Mammal      Summ           24%        N/A       13%         1
 Flame Wave               Conj/Fire      52%        2d13      19%         4
 Call Imp                 Summ           6%         N/A       21%         2
 Petrify                  Tmut/Erth      23%        N/A       21%         4
 Passage of Golubria      Tloc           19%        N/A       32%         4
 Tukima's Dance           Hex            6%         N/A       36%         3
 Summon Lightning Spire   Summ/Air       16%        N/A       41%         4
 Blade Hands              Tmut           9%         N/A       67%         5
 Cause Fear               Hex            3%         N/A       78%         4
 Dispel Undead            Necr           6%         3d8       78%         4
 Yara's Violent Unravell  Hex/Tmut       6%         3d5       88%         5
 Iron Shot                Conj/Erth      11%        9d3       97%         6
 Death Channel            Necr           3%         N/A       100%        6
 Summon Cactus Giant      Summ           3%         N/A       100%        6
 Storm Form               Tmut/Air       11%        N/A       100%        7
 Discord                  Hex            3%         N/A       100%        8
 Maxwell's Capacitive Co  Air            12%        ∞         100%        8
 Chain Lightning          Conj/Air       10%        3d14      100%        9
 Fire Storm               Conj/Fire      26%        8d7       100%        9
 Shatter                  Erth           13%        3d14*     100%        9
 Animate Armour           Summ/Erth      Unusable   N/A       N/A         4

Dungeon Overview and Level Annotations

Branches:
Dungeon (10/15)            Temple (1/1) D:5            Lair (3/5) D:8
 Shoals (0/4) Lair:2        Snake (0/4) Lair:3          Orc (0/2) D:10
  Sewer (visited)

Altars:
Ashenzari
Cheibriados
Dithmenos
Elyvilon
Fedhas
Gozag
Hepliaklqana
Kikubaaqudgha
Makhleb
Nemelex Xobeh
Okawaru
Qazlal
Ru
Sif Muna
Trog
Uskayaw
Vehumet
Wu Jian
Xom
Yredelemnul
Zin
The Shining One

Shops:
D:4 *   D:5 :   D:8 =

Annotations:
D:10 1 runed translucent door, Tollund's ghost, journeyman MfSu
Lair:3 Rupert


Innate Abilities, Weirdness & Mutations

You cannot wear most types of armour.
You are amphibious.
You can wear up to eight rings at the same time.
Your skin changes colour to match your surroundings (Stealth+).
Your rubbery body absorbs attacks. (AC +1, EV +1)
((You are camouflaged when in or above water. (Stealth+)))
You have tentacles for arms and can constrict up to eight enemies at once.


Message History

The ball explodes into a vile cloud!
The stinking cloud engulfs Rupert but does no damage.
Rupert is severely wounded.
The stinking cloud engulfs the fungus but does no damage.
The stinking cloud engulfs the plant but does no damage.
Rupert is engulfed in noxious fumes.
Rupert rages.
You hit Rupert. You grab Rupert.
Rupert is severely wounded.
You constrict Rupert, but do no damage.
Rupert is engulfed in noxious fumes.
Rupert hits you with a +1 great mace of protection!!
The water moccasin bites you but does no damage.
You feel much better.
You constrict Rupert, but do no damage.
Rupert is engulfed in noxious fumes.
Rupert hits you with a +1 great mace of protection!!
* * * LOW HITPOINT WARNING * * *
The water moccasin bites you.
* * * LOW HITPOINT WARNING * * *
Rupert is engulfed in noxious fumes.
Rupert misses you.
You feel much better.
You feel stable enough to blink again.
You constrict Rupert.
The water moccasin bites you but does no damage.
Rupert is engulfed in noxious fumes.
Rupert appears confused.
Rupert rages.
Rupert escapes!
You completely miss Rupert. You grab Rupert.
Rupert is severely wounded.
You constrict Rupert. The water moccasin bites you!
* * * LOW HITPOINT WARNING * * *
Rupert is engulfed in noxious fumes.
Rupert hits you with a +1 great mace of protection.
* * * LOW HITPOINT WARNING * * *
You hit Rupert but do no damage. You squeeze Rupert, but do no damage.
Rupert is severely wounded.
You constrict Rupert. The water moccasin bites you.
* * * LOW HITPOINT WARNING * * *
Rupert hits you with a +1 great mace of protection!!
You die...
Your body crumbles into a pile of gold.

##### ####### #######
...#..###...#.####.#...##
.........................
..............##.#....#..
.............######P###.
#..#.#.###..# ### #.
.##+..#...##..# ########.
#.......S.....###....##..
##......@.............#..
.. #.....@°.##...#.#.....+.
..##.##+P.P.#P...####...##.
...#.##...°.....## ##.###.
...)............# ######P.
................####..#.##.
....>......................
...........................
...............<..####.#...


You could see Rupert (berserk, confused, very poisoned) and a water moccasin.

Vanquished Creatures
  Erica (Lair:1)
  3 two-headed ogres
  Urug (Lair:2)
  7 centaur zombies (D:10)
  5 cane toads
  Joseph (Lair:1)
  An unseen horror (D:10)
  2 rime drakes
  A polar bear (Lair:2)
  13 blink frogs (Lair:1)
  A meliai zombie (D:10)
  Sigmund (D:3)
  2 wyverns
  4 wraiths (D:10)
  12 yaks
  2 vampires (D:10)
  2 basilisks
  A steam dragon (D:9)
  5 water moccasins
  2 sky beasts
  3 black bears
  9 orc warriors
  3 centaurs
  A phantom (D:5)
  4 kobold brigands
  8 bullfrogs
  A gnoll sergeant (D:8)
  5 scorpions
  5 wights (D:6)
  9 killer bees
  3 hounds
  A jelly (D:7)
  5 orc priests
  Jessica (D:3)
  4 iguanas
  14 orc wizards
  Natasha (thrice) (D:2)
  9 adders
  5 gnolls (D:8)
  4 river rats (Sewer)
  A white imp (D:6)
  An ufetubus (D:6)
  4 worms
  2 dart slugs
  35 orcs
  4 ball pythons
  9 endoplasms
  3 giant cockroaches
  4 goblins
  6 hobgoblins
  6 jackals
  7 quokkas
  4 bats
  5 frilled lizards
  30 kobolds
  10 rats
295 creatures vanquished.

Vanquished Creatures (others)
  22 fungi
  25 plants
  5 withered plants (D:10)
52 creatures vanquished.

Grand Total: 347 creatures vanquished

Notes
Turn   | Place    | Note
-------+----------+-------------------------------------------
     0 | D:5      | Esekla the Octopode Delver began the quest for the Orb.
     0 | D:5      | Reached XP level 1. HP: 16/16 MP: 1/1
     2 | D:5      | Found a shadowy altar of Dithmenos.
    38 | D:5      | Noticed an orc wizard
    55 | D:5      | Noticed an orc wizard
    74 | D:5      | Killed an orc wizard
    75 | D:5      | Reached skill level 7 in Stealth
    75 | D:5      | Reached XP level 2. HP: 3/21 MP: 2/2
    75 | D:5      | Reached XP level 3. HP: 4/26 MP: 3/3
   374 | D:5      | Noticed a phantom
   386 | D:5      | Found a staircase to the Ecumenical Temple.
   391 | Temple   | Entered the Ecumenical Temple
   626 | D:5      | Reached XP level 4. HP: 24/31 MP: 5/5
   628 | D:5      | Reached skill level 1 in Spellcasting
   633 | D:5      | Noticed a black bear
   700 | D:5      | Found Qeibbul's Book Boutique.
   729 | D:5      | Killed a black bear
   730 | D:5      | Reached skill level 8 in Stealth
   730 | D:5      | Reached XP level 5. HP: 20/36 MP: 7/7
   846 | Temple   | Became a worshipper of Gozag Ym Sagoz the Greedy
  1036 | D:4      | Found a hide-covered altar of Uskayaw.
  1097 | D:4      | Found a burning altar of Makhleb.
  1224 | D:4      | Found a glowing drain.
  1233 | Sewer    | Entered a sewer
  1354 | Sewer    | Noticed a kobold brigand
  1372 | Sewer    | Killed a kobold brigand
  1373 | Sewer    | Reached XP level 6. HP: 23/43 MP: 8/8
  1462 | Sewer    | Found a white marble altar of Elyvilon.
  1567 | D:4      | Got the Octavo of the Xenolith and Execration
  1901 | D:2      | Noticed Natasha
  1914 | D:2      | Killed Natasha
  1920 | D:2      | Noticed Natasha
  1985 | D:2      | Killed Natasha
  2342 | D:1      | Reached skill level 1 in Short Blades
  2482 | D:1      | Reached XP level 7. HP: 48/48 MP: 9/9
  2650 | D:2      | Noticed Natasha
  2675 | D:2      | Killed Natasha
  2676 | D:2      | Reached skill level 9 in Stealth
  3032 | D:3      | Found a hazy altar of Hepliaklqana.
  3163 | D:3      | Noticed Jessica
  3304 | D:3      | Killed Jessica
  3321 | D:3      | Found a faded altar of an unknown god.
  3325 | D:3      | Noticed Sigmund
  3347 | D:3      | Killed Sigmund
  3424 | D:3      | Found a blossoming altar of Fedhas.
  3620 | D:4      | Reached skill level 1 in Fire Magic
  3627 | D:4      | Reached skill level 1 in Translocations
  3974 | D:4      | Found Laanlem's General Store.
  4018 | D:4      | Bought 3 scrolls of identify for 72 gold pieces
  4174 | D:5      | Reached XP level 8. HP: 43/54 MP: 11/11
  4231 | D:5      | Found an ornate altar of the Wu Jian Council.
  4555 | D:5      | Bought a book of Spatial Translocations for 180 gold pieces
  4555 | D:5      | Bought a book of Scorching for 300 gold pieces
  4558 | D:5      | Learned a level 2 spell: Scorch
  4561 | D:5      | Learned a level 2 spell: Blink
  4561 | D:5      | Bought a book of Minor Magic for 180 gold pieces
  4565 | D:5      | Learned a level 3 spell: Mephitic Cloud
  4759 | D:6      | Reached skill level 1 in Earth Magic
  5168 | D:6      | Found a glowing silver altar of Zin.
  5337 | D:6      | Reached skill level 1 in Poison Magic
  5339 | D:6      | Reached skill level 1 in Air Magic
  5729 | D:7      | Found a broken altar of Ashenzari.
  5787 | D:7      | Reached skill level 1 in Conjurations
  6337 | D:7      | Reached XP level 9. HP: 59/59 MP: 14/14
  6757 | D:8      | Noticed a two-headed ogre
  6930 | D:8      | Found a sparkling altar of Nemelex Xobeh.
  7081 | D:8      | Learned a level 2 spell: Wereblood
  7114 | D:8      | Reached skill level 10 in Stealth
  7325 | D:5      | Bought Pofim's Omnibus of Sweltering Filth for 100 gold
                  | pieces
  7328 | D:5      | Learned a level 2 spell: Poisonous Vapours
  7523 | D:8      | Found a staircase to the Lair.
  7558 | D:8      | Found a stormy altar of Qazlal.
  7692 | D:8      | Killed a two-headed ogre
  7693 | D:8      | Reached skill level 5 in Fighting
  7693 | D:8      | Reached skill level 5 in Long Blades
  7693 | D:8      | Reached skill level 1 in Shields
  7693 | D:8      | Reached skill level 1 in Transmutations
  8081 | D:8      | Found an ancient bone altar of Kikubaaqudgha.
  8082 | D:8      | Found a radiant altar of Vehumet.
  8084 | D:8      | Found a shimmering blue altar of Sif Muna.
  8091 | D:8      | Got Sif Muna's Tome of Accomplices
  8264 | D:8      | Reached XP level 10. HP: 37/66 MP: 11/16
  8901 | D:9      | Learned a level 4 spell: Airstrike
  9668 | D:9      | Noticed a two-headed ogre
  9696 | D:9      | Killed a two-headed ogre
  9773 | D:9      | Noticed a two-headed ogre
 10674 | D:8      | Killed a two-headed ogre
 10675 | D:8      | Reached skill level 5 in Spellcasting
 11245 | D:10     | Entered Level 10 of the Dungeon
 11271 | D:10     | Found a glowing golden altar of the Shining One.
 11526 | D:10     | Killed an unseen horror
 11527 | D:10     | Reached skill level 5 in Dodging
 11527 | D:10     | Reached XP level 11. HP: 46/72 MP: 19/19
 11612 | D:10     | Found a runed translucent door.
 11692 | D:10     | Found a shimmering altar of Xom.
 11692 | D:10     | Noticed Tollund's ghost (journeyman MfSu)
 11693 | D:10     | Noticed a +1 mace of chaos
 12444 | D:10     | Found a staircase to the Orcish Mines.
 13387 | D:10     | Reached skill level 5 in Fire Magic
 13688 | Lair:1   | Entered Level 1 of the Lair of Beasts
 13749 | Lair:1   | Noticed Joseph
 13752 | Lair:1   | Noticed Erica
 14417 | Lair:1   | Killed Erica
 14622 | D:8      | Bought the ring "Luirr" {rC+ rCorr Str+3 Slay+3} for 847
                  | gold pieces
 14662 | Lair:1   | Identified the +6 short sword "Taecirgh" {spect, Int+7}
 14826 | Lair:1   | Reached XP level 12. HP: 80/80 MP: 22/22
 15839 | Lair:1   | Reached skill level 5 in Air Magic
 15839 | Lair:1   | Reached skill level 5 in Earth Magic
 15918 | Lair:1   | Killed Joseph
 16255 | Lair:2   | Found a staircase to the Shoals.
 16556 | D:8      | Bought the ring "Esamimpe" {Will- rCorr Slay+2 SInv} for
                  | 477 gold pieces
 16749 | Lair:2   | Noticed Urug
 16758 | Lair:2   | Killed Urug
 16847 | Lair:2   | Upgraded the game from 0.30-a0-862-g1aabd4f9c5 to
                  | 0.30-a0-870-gc5d4c5acee
 16909 | Lair:3   | Found a staircase to the Snake Pit.
 16989 | Lair:3   | Noticed an eight-headed hydra
 17206 | Lair:3   | Noticed Rupert
 17211 | Lair:3   | Paralysed by Rupert for 3 turns
 17242 | Lair:3   | Demolished by Rupert

Illustrated notes

Levels and vault maps discovered:
D:1:      evilmike_arrival_crescent, layout_basic
D:2:      layout_rooms, nrook_loot_triangle, uniq_natasha
D:3:      layout_basic, fedhas_altar_fruit_tree,
          nicolae_hepliaklqana_hazy_memory, basic_ecumenical_altar,
          uniq_jessica, uniq_sigmund
D:4:      layout_gridville, overflow_temple_1_default,
          eat_drink_and_be_merry_uskayaw, serial_shops, nicolae_shop_waterfront,
          gup_sewer_entry_bubbles
D:5:      layout_loops_ring, nzn_wu_jian_contemplation,
          nicolae_dithmenos_the_darkroom, temple_doors_e, serial_shops,
          nicolae_shop_crystal
D:6:      layout_loops_ring, mainiacjoe_overflow_surrounded_room
D:7:      layout_basic, mainiacjoe_overflow_small_starburst, grunt_ministairs_2
D:8:      layout_basic, grunt_temple_overflow_magic_moments,
          nemelex_spade_bored_becter, nicolae_qazlal_general_emergency,
          grunt_lair_entry_orc_guard_hut
D:9:      layout_grid_maze
D:10:     layout_roguey, tso_altar, minmay_orc_entry_temple_small,
          serial_undead, serial_undead_d, serial_undead_c, serial_undead_e,
          serial_undead_e, serial_undead_e, serial_undead_c, ebering_ghost_xom,
          nicolae_fountain_basement
Temple:   nicolae_temple_colour_theory
Lair:1:   layout_cave_pods, grunt_megastairs_3, uniq_joseph, uniq_erica
Lair:2:   layout_chaotic_city, shoals_dummy_entry, infiniplex_staircase_pool_2,
          serial_bayou_shore_a, uniq_urug
Lair:3:   layout_regular_city, dummy_snake_entry, uniq_rupert

Skill      XL: |  1  2  3  4  5  6  7  8  9 10 11 12 |
---------------+-------------------------------------+-----
Stealth        | 7 8 9 10 | 10.6
Spellcasting   | 1 2 3 4 5 7 |  7.7
Long Blades    | 3 4 5 6 7 |  7.2
Fighting       | 4 5 6 7 |  7.4
Dodging        | 3 4 5 6 |  6.4
Short Blades   | 1 2 3 |  3.8
Fire Magic     | 1 2 3 5 6 |  6.2
Translocations | 1 2 3 |  3.4
Earth Magic    | 1 2 3 4 5 |  5.7
Poison Magic   | 1 3 4 |  4.6
Air Magic      | 1 2 3 4 5 |  5.2
Conjurations   | 1 2 3 |  3.1
Shields        | 1 3 |  3.2
Transmutations | 1 2 3 |  3.2
Throwing       | |  0.1

Action                     |  1- 3 |  4- 6 |  7- 9 | 10-12 || total
---------------------------+-------+-------+-------+-------++-------
  Melee: Falchion          |     9 |     7 |     4 |       ||    20
         Constrict         |     1 |    25 |    44 |    50 ||   120
         Dagger            |     1 |   122 |   173 |   233 ||   529
         Tentacles         |       |    24 |    44 |    76 ||   144
         Punch             |       |     2 |     3 |     5 ||    10
         Scimitar          |       |       |       |     8 ||     8
  Throw: Dart              |       |       |    12 |     2 ||    14
         Boomerang         |       |       |       |    11 ||    11
         Javelin           |       |       |       |     2 ||     2
   Cast: Scorch            |       |       |    26 |   167 ||   193
         Blink             |       |       |     6 |     9 ||    15
         Poisonous Vapours |       |       |    22 |    85 ||   107
         Mephitic Cloud    |       |       |     6 |    31 ||    37
         Wereblood         |       |       |       |    11 ||    11
 Invoke: Call Merchant     |       |       |       |     1 ||     1
    Use: Scroll            |     1 |       |    14 |     4 ||    19
         Potion            |       |       |     1 |     5 ||     6
   Stab: Sleeping          |     1 |    26 |    21 |    14 ||    62
         Distracted        |       |     1 |       |       ||     1
         Confused          |       |       |     2 |    17 ||    19
 Armour: Skin              |       |    10 |     7 |    49 ||    66
  Dodge: Dodged            |     6 |    52 |    86 |   241 ||   385
  Block: Buckler           |       |       |       |    53 ||    53

Table legend: (Time is in decaauts)
 A = Elapsed time spent in this place.
 B = Non-inter-level travel time spent in this place.
 C = Inter-level travel time spent in this place.
 D = Time resting spent in this place.
 E = Time spent auto-exploring this place.
 F = Levels seen in this place.
 G = Mean time per level.
                   A        B        C        D        E       F      G
               +--------+--------+--------+--------+--------+-----+--------+
         Total |  17237 |  15912 |   1325 |   4944 |   4066 |  15 | 1149.1 |
       Dungeon |  14023 |  12870 |   1153 |   4336 |   3199 |  10 | 1402.3 |
        Temple |    133 |    104 |     29 |      0 |     72 |   1 |  133.0 |
          Lair |   2817 |   2675 |    142 |    501 |    765 |   3 |  939.0 |
         Sewer |    263 |    263 |      0 |    107 |     30 |   1 |  263.0 |
               +--------+--------+--------+--------+--------+-----+--------+

Top non-repeatable levels by time:
     D:8: 3385 daAuts
     D:9: 2105 daAuts
    D:10: 1959 daAuts
  Lair:1: 1653 daAuts
     D:5: 1447 daAuts
     D:6: 1115 daAuts
     D:7: 1009 daAuts
     D:4: 990 daAuts
  Lair:2: 791 daAuts
     D:2: 704 daAuts
     D:3: 653 daAuts
     D:1: 652 daAuts
  Lair:3: 373 daAuts
   Sewer: 263 daAuts
  Temple: 133 daAuts
